Map: Ephemeron LE

Players

NORTHAMERICA

  • Race: Protoss Protoss
  • League: Grandmaster
  • Spawn Location: 11:00

SuperNova - Winner!

  • Race: Terran Terran
  • League: Grandmaster
  • Spawn Location: 5:00

VOD

Have the link to the VOD?

Description

Time

  • Played on: Dec. 6, 2019, 4:27 a.m.
  • Length: 11:42
Show
View Real Time Build Order
Export as new Build Order

NORTHAMERICA Protoss 

Build Orders: Chargelot Immortal 

Get SALT Encoding   

  12  0:01  Probe  
  13  0:13  Probe  
  14  0:19  Pylon  
  14  0:25  Probe  
  15  0:37  Probe (Chrono Boost)  
  15  0:39  Gateway  
  16  0:49  Probe (Chrono Boost)  
  17  0:51  Assimilator  
  17  0:55  Probe (Chrono Boost)  
  18  1:04  Probe  
  19  1:16  Probe  
  20  1:28  Probe, Cybernetics Core  
  20  1:31  Assimilator  
  20  1:32  Zealot  
  23  1:34  Pylon  
  23  1:47  Pylon  
  23  1:52  Probe  
  24  2:02  Stalker (Chrono Boost)  
  24  2:04  Probe  
  24  2:07  Warp Gate  
  27  2:27  Nexus  
  26  2:31  Probe (Chrono Boost)  
  27  2:39  Sentry  
  27  2:43  Probe (Chrono Boost)  
  30  2:50  Probe (Chrono Boost), Robotics Facility  
  30  3:00  Probe  
  31  3:12  Probe  
  32  3:22  Gateway  
  32  3:23  Gateway  
  32  3:24  Probe  
  33  3:37  Probe  
  33  3:40  Immortal (Chrono Boost)  
  34  3:44  Probe  
  39  3:49  Probe  
  40  3:56  Pylon  
  40  3:57  Probe  
  40  4:01  Probe  
  42  4:09  Probe  
  43  4:11  Twilight Council  
  43  4:13  Probe  
  43  4:14  Observer  
  45  4:21  Probe (Chrono Boost)  
  46  4:31  Probe (Chrono Boost)  
  48  4:32  Probe (Chrono Boost)  
  48  4:36  Nexus  
  48  4:37  Probe (Chrono Boost)  
  49  4:38  Sentry, Probe (Chrono Boost)  
  52  4:47  Probe  
  52  4:49  Probe  
  52  4:51  Pylon  
  54  5:00  Probe, Forge  
  54  5:01  Probe (Chrono Boost)  
  54  5:02  Forge  
  56  5:10  Immortal  
  56  5:13  Probe (Chrono Boost)  
  62  5:18  Probe (Chrono Boost)  
  62  5:24  Blink (Chrono Boost)  
  62  5:25  Stalker x3  
  68  5:30  Probe, Assimilator  
  68  5:35  Pylon  
  69  5:42  Probe  
  70  5:46  Photon Cannon  
  70  5:48  Probe  
  71  5:52  Gateway  
  71  5:56  Probe, Gateway  
  72  5:59  Assimilator  
  72  6:00  Protoss Ground Armor Level 1 (Chrono Boost), Protoss Ground Weapons Level 1 (Chrono Boost)  
  72  6:01  Probe  
  73  6:10  Probe  
  70  6:12  Photon Cannon, Probe  
  70  6:13  Probe  
  72  6:19  Stalker x2  
  72  6:22  Probe  
  69  6:36  Stalker  
  69  6:37  Probe  
  70  6:42  Pylon x2  
  70  6:44  Observer  
  66  6:48  Probe  
  66  6:50  Photon Cannon  
  66  6:51  Observer, Stalker  
  66  6:52  Stalker  
  70  6:57  Probe  
  71  7:03  Gateway  
  71  7:04  Stalker x3  
  75  7:15  Charge  
  72  7:30  Stalker x3  
  76  7:40  Probe  
  76  7:42  Immortal  
  81  7:45  Nexus  
  81  7:47  Observer  
  81  7:48  Pylon  
  81  8:00  Nexus  
  81  8:09  Probe  
  82  8:13  Templar Archives, Gateway  
  82  8:14  Gateway  
  82  8:16  Probe  
  83  8:20  Pylon  
  83  8:21  Probe  
  83  8:24  Observer (Chrono Boost)  
  83  8:26  Gateway  
  83  8:37  Protoss Ground Weapons Level 2 (Chrono Boost)  
  83  8:42  Assimilator  
  83  8:44  Psionic Storm  
  83  8:47  Protoss Ground Armor Level 2 (Chrono Boost), Assimilator  
  83  8:51  Zealot x2  
  87  9:00  Pylon  
  87  9:03  Probe  
  87  9:06  Probe  
  87  9:08  Probe  
  90  9:10  High Templar  
  90  9:14  Probe (Chrono Boost)  
  90  9:16  Probe (Chrono Boost)  
  94  9:18  Immortal  
  94  9:21  Probe (Chrono Boost)  
  100  9:25  High Templar  
  100  9:27  Probe (Chrono Boost)  
  100  9:28  Probe (Chrono Boost)  
  100  9:30  Probe (Chrono Boost)  
  100  9:31  Probe (Chrono Boost)  
  105  9:33  Probe (Chrono Boost)  
  105  9:35  Probe (Chrono Boost)  
  105  9:36  Probe (Chrono Boost)  
  105  9:37  Probe  
  105  9:38  High Templar  
  111  9:43  Probe  
  112  9:45  Probe  
  112  9:47  Probe  
  114  9:56  Zealot x3  
  114  9:57  Zealot x3  
  121  10:02  Observer  
  121  10:03  Pylon x2  
  121  10:08  Zealot  
  121  10:09  Zealot  
  121  10:10  Immortal  
  127  10:20  Archon  
  117  10:26  Zealot x2  
  117  10:27  Stalker x5  
  107  10:29  Probe (Chrono Boost)  
  107  10:30  Probe (Chrono Boost)  
  107  10:34  Probe (Chrono Boost)  
  107  10:39  Probe (Chrono Boost)  
  107  10:40  Probe (Chrono Boost)  
  110  10:43  Probe (Chrono Boost)  
  110  10:44  Probe x2 (Chrono Boost)  
  110  10:46  High Templar x2  
  110  10:47  High Templar x2  
  110  10:49  Observer  
  119  10:53  Probe  
  119  10:55  Probe  
  121  11:07  High Templar  
  121  11:13  Nexus  
  121  11:14  Zealot x4  
  127  11:20  Zealot x3  
  128  11:37  Archon  
Show
View Real Time Build Order
Export as new Build Order

SuperNova Terran - Winner!

Build Orders: 2 Factory, Cyclone Opening 

Get SALT Encoding   

  12  0:01  SCV  
  13  0:13  SCV  
  14  0:17  Supply Depot  
  14  0:25  SCV  
  15  0:39  SCV  
  16  0:44  Barracks  
  16  0:46  Refinery  
  16  0:51  SCV  
  17  1:02  Refinery  
  17  1:03  SCV  
  18  1:15  SCV  
  19  1:31  Orbital Command, Reaper  
  20  1:48  Factory  
  20  1:52  Supply Depot  
  20  1:56  SCV  
  21  2:08  SCV  
  22  2:20  SCV  
  23  2:36  Command Center  
  23  2:37  Factory Tech Lab, SCV  
  24  2:53  SCV  
  24  2:56  Mag-Field Accelerator, Cyclone  
  28  3:00  Supply Depot  
  28  3:05  SCV  
  29  3:17  Factory  
  30  3:20  SCV  
  30  3:23  Barracks Reactor  
  30  3:28  Armory  
  30  3:32  SCV  
  31  3:35  Cyclone  
  34  3:44  SCV  
  35  3:50  Orbital Command  
  35  3:54  Refinery  
  35  3:57  SCV  
  35  4:01  Engineering Bay  
  36  4:07  Cyclone  
  36  4:09  SCV  
  40  4:12  Widow Mine  
  40  4:16  Widow Mine  
  44  4:18  SCV  
  44  4:21  SCV  
  45  4:33  SCV x2  
  45  4:37  Supply Depot  
  47  4:39  Cyclone  
  47  4:42  Widow Mine  
  47  4:45  SCV x2  
  54  4:52  Drilling Claws  
  54  4:55  Supply Depot  
  54  4:59  Widow Mine, SCV x2  
  58  5:03  Widow Mine  
  60  5:11  SCV x2  
  62  5:17  Cyclone  
  62  5:18  Supply Depot  
  65  5:23  Widow Mine, SCV x2  
  69  5:35  SCV  
  70  5:40  Widow Mine  
  70  5:43  SCV  
  70  5:47  SCV  
  70  5:48  Widow Mine  
  72  5:50  Command Center  
  72  5:52  Factory, Barracks Tech Lab  
  72  5:53  Widow Mine  
  72  5:55  Refinery  
  72  5:56  SCV  
  75  5:59  SCV  
  75  6:01  Supply Depot  
  75  6:02  Missile Turret  
  75  6:03  Widow Mine  
  78  6:18  Supply Depot  
  78  6:21  Factory  
  78  6:22  Factory  
  78  6:23  Widow Mine, SCV  
  78  6:34  Widow Mine, Cyclone  
  81  6:43  SCV  
  81  6:45  Widow Mine  
  84  6:49  Supply Depot, SCV  
  85  6:55  SCV  
  85  6:59  Widow Mine, Cyclone  
  91  7:02  Refinery  
  91  7:03  Refinery  
  91  7:05  SCV  
  91  7:06  Cyclone  
  93  7:12  Widow Mine  
  93  7:13  Factory Reactor, Factory Tech Lab  
  92  7:19  SCV  
  87  7:25  Widow Mine, SCV  
  87  7:27  Orbital Command  
  84  7:31  Cyclone, SCV  
  84  7:35  Cyclone  
  84  7:36  Widow Mine  
  91  7:37  SCV  
  91  7:40  Cyclone  
  91  7:42  Starport  
  91  7:43  SCV  
  96  7:44  Supply Depot  
  96  7:45  Terran Vehicle And Ship Armor Level 1  
  96  7:49  SCV  
  97  7:52  Widow Mine x3  
  97  7:53  Barracks Reactor, SCV  
  97  7:55  SCV  
  105  7:59  Supply Depot  
  105  8:01  SCV  
  105  8:04  Armory  
  105  8:05  SCV  
  107  8:08  SCV  
  107  8:10  Siege Tank  
  109  8:14  SCV  
  109  8:17  SCV  
  111  8:20  Siege Tank  
  111  8:21  Missile Turret  
  111  8:23  Missile Turret  
  111  8:26  Siege Tank  
  117  8:30  Widow Mine x2  
  117  8:34  SCV  
  120  8:35  Widow Mine, SCV x2  
  126  8:41  Widow Mine  
  126  8:43  Missile Turret  
  126  8:44  Missile Turret  
  126  8:46  SCV  
  126  8:47  SCV  
  126  8:48  Siege Tank  
  131  8:53  Terran Vehicle Weapons Level 1, Supply Depot x2  
  131  8:57  Widow Mine  
  133  9:15  Siege Tank, Command Center, Medivac x2, Widow Mine  
  133  9:16  Supply Depot  
  142  9:17  Siege Tank, Supply Depot  
  142  9:18  Supply Depot  
  142  9:19  Widow Mine  
  142  9:20  Widow Mine  
  149  9:35  Infernal Pre-Igniter  
  149  9:38  Siege Tank, Widow Mine, Hellion  
  156  9:41  Hellion  
  156  9:42  Hellion  
  156  9:59  Siege Tank x2, Hellion  
  164  10:01  Hellion  
  164  10:02  Hellion  
  168  10:10  Siege Tank  
  171  10:17  Hellion  
  154  10:30  Hellion x3  
  154  10:31  Siege Tank x2, Viking x2  
  168  10:38  Hellion  
  168  10:42  Siege Tank  
  165  10:53  Hellion x2  
  165  10:54  Hellion  
  171  11:00  SCV  
  171  11:01  Command Center, SCV  
  171  11:02  Command Center x2  
  173  11:05  Siege Tank  
  173  11:06  Siege Tank  
  173  11:07  SCV  
  180  11:13  SCV  
  181  11:21  Missile Turret x2  
Tags
 
Add a new tag
Caveats
  • Supply blocks, unpowered buildings, or Contaminate may cause inaccurate times.
  • Supply counts are checked every 10 seconds.